 Dungeon Crawl Stone Soup version 0.28-a0-834-g1a73be5ee4 (webtiles) character file.

Game seed: 5959869399219174984

95 AttackTheMoon the Slasher (level 4, -4/36 (37) HPs)
             Began as a Human Monk on Nov 12, 2021.
             Killed from afar by Natasha (10 damage)
             ... with a magic dart
             ... on level 3 of the Dungeon.
             The game lasted 00:02:18 (3025 turns).

AttackTheMoon the Slasher (Human Monk)              Turns: 3025, Time: 00:02:18

HP:   -4/36 (37)    AC:  2    Str: 11    XL:     4   Next: 97%
MP:   4/4           EV: 13    Int: 11    God:
Gold: 72            SH:  0    Dex: 16    Spells: 3/3 levels left

rFire   . . .      SeeInvis .   a - +0 falchion
rCold   . . .      Faith    .   (no shield)
rNeg    . . .      Spirit   .   b - +0 robe
rPois   .          Reflect  .   (no helmet)
rElec   .          Harm     .   (no cloak)
rCorr   .          Rampage  .   (no gloves)
Will    .....                   (no boots)
Stlth   ++........              (no amulet)
HPRegen 0.12/turn               (no ring)
MPRegen 0.09/turn               (no ring)

@: mighty, lightly drained
A: no striking features
a: no special abilities


You were on level 3 of the Dungeon.
You visited 1 branch of the dungeon, and saw 3 of its levels.

You collected 72 gold pieces.

Inventory:

Hand Weapons
 a - a +0 falchion (weapon)
Armour
 b - a +0 robe (worn)
 e - a +0 helmet
Jewellery
 d - a +6 ring of strength
Wands
 c - a wand of flame (21)
Scrolls
 h - a scroll of teleportation
 j - a scroll of blinking
Potions
 f - a potion of haste
 g - a potion of might


   Skills:
 + Level 4.0 Fighting
 + Level 4.0 Long Blades
 + Level 3.5 Dodging
 - Level 2.0 Stealth


You had 3 spell levels left.
You didn't know any spells.
Your spell library was empty.

Dungeon Overview and Level Annotations

Branches:
Dungeon (3/15)

Altars:

Annotations:
D:3 Natasha


Message History

No target in view!
No target in view!
No target in view!
No target in view!
No target in view!
No target in view!
No target in view!
No target in view!
No target in view!
No target in view!
No target in view!
No target in view!
An orc comes into view.
It is wielding a +1 short sword of draining.
The orc hits you with a +1 short sword of draining.
You feel drained.
You barely miss the orc. The orc misses you. The orc completely misses you.
You slash the orc!
You kill the orc!
Things that are here:
a +1 short sword of draining; a +0 leather armour Natasha, Servant of Life and Death comes into view.
She is carrying a wand of flame (20).
Natasha hisses angrily.
Natasha stares at you and mumbles some strange words.
The magic dart hits you! Natasha claws you!
You closely miss Natasha. Natasha barely misses you.
You hit Natasha but do no damage.
Natasha zaps a wand.
The puff of flame hits you!
* * * LOW HITPOINT WARNING * * *
You slash Natasha!
Natasha is heavily wounded.
Natasha closely misses you.
You barely miss Natasha.
Natasha is heavily wounded.
Natasha mewls in sadness.
Natasha mumbles some strange words.
You feel very mighty all of a sudden.
Natasha stares at you and mumbles some strange words.
The magic dart hits you!
You die...

##.#### .# #.# ##.#
#.##### #... ..#
#...... #..# #.#
#.####. #..# #.# #.##
#. #..###.# #..# #.
#....#.# #..###.
##@##.#.## #..#.#.
#h.......####......
.'...5#......).........
.###.##.##...#####....#
#.##...##..# #....# ##
##..##### ##..## #....#
#..# ♣....♣ #..+ ♣♣...♣
##.#


You could see Natasha and a crimson imp (summoned).

Vanquished Creatures
  Natasha (D:3)
  2 adders (D:2)
  An orc (D:3)
  3 endoplasms
  3 giant cockroaches
  5 goblins
  4 hobgoblins
  3 jackals (D:2)
  2 quokkas
  6 ball pythons
  4 bats
  A frilled lizard (D:2)
  10 kobolds
  7 rats
52 creatures vanquished.

Notes
Turn   | Place    | Note
-------+----------+-------------------------------------------
     0 | D:1      | AttackTheMoon the Human Monk began the quest for the Orb.
     0 | D:1      | Reached XP level 1. HP: 18/18 MP: 1/1
   160 | D:1      | Reached XP level 2. HP: 23/24 MP: 2/2
  1114 | D:2      | Reached XP level 3. HP: 24/29 MP: 3/3
  1847 | D:2      | Reached XP level 4. HP: 37/37 MP: 4/4
  2625 | D:3      | Noticed Natasha
  2635 | D:3      | Killed Natasha
  3018 | D:3      | Noticed Natasha
  3025 | D:3      | Killed from afar by Natasha

Illustrated notes

Levels and vault maps discovered:
D:1:      minmay_arrival_split_and_join, layout_basic
D:2:      wad_river_or_something, layout_loops_ring,
          chequers_serial_rivers_small_3
D:3:      layout_loops_corners, shapermc_ecumenical_altar_ellora,
          gup_sewer_entry_spiral, corexii_shack, saegor_snake_ambush,
          uniq_grinder, uniq_crazy_yiuf_cottage, uniq_natasha, uniq_sigmund

Skill      XL: |  1  2  3  4 |
---------------+-------------+-----
Fighting       | 4 |  4.0
Long Blades    | 4 |  4.0
Dodging        | |  3.5
Stealth        | |  2.0

Action                   |  1- 3 |  4- 6 || total
-------------------------+-------+-------++-------
Melee: Falchion          |   116 |    55 ||   171
  Use: Scroll            |     7 |     1 ||     8
       Potion            |       |     2 ||     2
 Stab: Sleeping          |     6 |       ||     6
Armor: Robe              |    20 |     6 ||    26
       Skin              |       |     7 ||     7
Dodge: Dodged            |    69 |    37 ||   106

Table legend: (Time is in decaauts)
 A = Elapsed time spent in this place.
 B = Non-inter-level travel time spent in this place.
 C = Inter-level travel time spent in this place.
 D = Time resting spent in this place.
 E = Time spent auto-exploring this place.
 F = Levels seen in this place.
 G = Mean time per level.
                   A        B        C        D        E       F      G
               +--------+--------+--------+--------+--------+-----+--------+
         Total |   3053 |   3017 |     36 |    579 |   1975 |   3 | 1017.7 |
       Dungeon |   3053 |   3017 |     36 |    579 |   1975 |   3 | 1017.7 |
               +--------+--------+--------+--------+--------+-----+--------+

Top non-repeatable levels by time:
     D:2: 1554 daAuts
     D:1: 1096 daAuts
     D:3: 403 daAuts
